 Dungeon Crawl Stone Soup version 0.23-a0-516-g0f8c245 (webtiles) character file.

5736 zishaf the Arsonist (level 10, -6/50 HPs)
             Began as a Deep Elf Fire Elementalist on Dec 5, 2018.
             Was a Believer of Qazlal.
             Killed by divine providence
             ... invoked by an orc priest
              (13 damage)
             ... on level 9 of the Dungeon.
             The game lasted 00:27:03 (11595 turns).

zishaf the Arsonist (Deep Elf Fire Elementalist)   Turns: 11595, Time: 00:27:04

Health: -6/50      AC:  7    Str:  5    XL:     10   Next: 48%
Magic:  4/19       EV: 17    Int: 31    God:    Qazlal [**....]
Gold:   372        SH:  2    Dex: 13    Spells: 3/19 levels left

rFire    + . .     SeeInvis .   B - +3 falchion of the Past {venom, +Inv Int+2 Dex-5} (curse)
rCold    . . .     Gourm    .   (no shield)
rNeg     . . .     Faith    .   y - +0 robe
rPois    .         Spirit   .   A - +2 hat
rElec    .         Reflect  .   (no cloak)
rCorr    .         Harm     .   E - +2 pair of gloves {Dex+3}
MR       +....                  (no boots)
Stlth    ++........             (no amulet)
HPRegen  0.16/turn              e - ring of protection from fire
MPRegen  0.16/turn              v - +5 ring of intelligence

@: no status effects
A: no striking features
a: Upheaval, Renounce Religion, Evoke Invisibility


You were on level 9 of the Dungeon.
You worshipped Qazlal.
Qazlal was pleased with you.
You were not hungry.

You visited 2 branches of the dungeon, and saw 10 of its levels.

You collected 400 gold pieces.
You spent 28 gold pieces at shops.

Inventory:

Hand Weapons
 a - a +5 halberd
 B - the cursed +3 falchion of the Past (weapon) {venom, +Inv Int+2 Dex-5}
   (You found it on level 7 of the Dungeon)

   It poisons the flesh of those it strikes.
   It affects your intelligence (+2).
   It affects your dexterity (-5).
   It lets you turn invisible.
   It has a curse placed upon it.
Armour
 y - a +0 robe (worn)
 A - a +2 hat (worn)
 E - a +2 pair of gloves of dexterity (worn)
Jewellery
 e - a ring of protection from fire (left hand)
 r - an uncursed ring of resist corrosion
 v - a +5 ring of intelligence (right hand)
Wands
 u - a wand of paralysis (4)
 C - a wand of digging (3)
 D - a wand of scattershot (7)
Scrolls
 b - 3 scrolls of immolation
 d - 2 scrolls of enchant armour
 i - a scroll of amnesia
 q - 2 scrolls of magic mapping
 w - a scroll of fog
 z - 3 scrolls of teleportation
 G - 2 scrolls of fear
Potions
 f - 5 potions of degeneration {unknown}
 g - a potion of flight
 h - 3 potions of heal wounds {unknown}
 j - a potion of cancellation {unknown}
 k - a potion of might
 l - a potion of magic {unknown}
 m - a potion of curing
 n - 2 potions of experience {unknown}
 o - 2 potions of agility
 p - a potion of invisibility {unknown}
 s - a potion of mutation
 t - a potion of brilliance
 x - a potion of ambrosia {unknown}
Comestibles
 c - 8 rations
 F - 4 chunks of flesh


   Skills:
 + Level 8.4 Dodging
 - Level 3.0 Stealth
 - Level 5.0 Spellcasting
 + Level 9.0 Conjurations
 - Level 5.2 Necromancy
 + Level 9.6 Fire Magic
 + Level 5.1 Invocations
 - Level 4.0 Evocations


You had 3 spell levels left.
You knew the following spells:

 Your Spells              Type           Power        Failure   Level  Hunger
a - Flame Tongue          Conj/Fire      #####        1%          1    None
b - Throw Flame           Conj/Fire      ######       1%          2    None
c - Conjure Flame         Conj/Fire      ######..     1%          3    None
d - Fireball              Conj/Fire      ######....   3%          5    #####..
e - Pain                  Necr           ####         1%          1    None
f - Animate Dead          Necr           N/A          6%          4    ###....

Your spell library contained the following spells:

 Spells                   Type           Power        Failure   Level  Hunger
 Animate Skeleton         Necr           N/A          1%          1    None
 Vampiric Draining        Necr           #####.....   1%          3    None
 Inner Flame              Hex/Fire       #####...     2%          3    None
 Regeneration             Chrm/Necr      ###.......   5%          3    None
 Sticky Flame             Conj/Fire      ######..     1%          4    ###....


Dungeon Overview and Level Annotations

Branches:
Dungeon (9/15)             Temple (1/1) D:5            Lair (0/6) D:9
    Orc: D:9-12

Altars:
Ashenzari
Cheibriados
Dithmenos
Elyvilon
Fedhas
Gozag
Hepliaklqana
Kikubaaqudgha
Makhleb
Nemelex Xobeh
Okawaru
Qazlal
Ru
Sif Muna
Trog
Uskayaw
Vehumet
Wu Jian
Xom
Yredelemnul
Zin
The Shining One

Shops:
D:5 }   D:9 *

Annotations:
D:4 exclusion: downstairs


Message History

Casting: Flame Tongue (safe; 1% risk of failure)
Confirm with . or Enter, or press ? or * to list all spells.
Aiming: Flame Tongue (safe; 1% risk of failure)
Press: ? - help, Shift-Dir - straight line, f/p - orc priest
Aim: an orc priest, wielding a +0 hand axe and wearing a +0 ring mail (severely The flame tongue hits the orc wizard.
The orc wizard is lightly wounded.
The orc priest calls upon Beogh to heal the orc wizard.
The orc wizard's wounds heal themselves!
The orc wizard closely misses you.
Casting: Flame Tongue (safe; 1% risk of failure)
Confirm with . or Enter, or press ? or * to list all spells.
Aiming: Flame Tongue (safe; 1% risk of failure)
Press: ? - help, Shift-Dir - straight line, f/p - orc priest
Aim: an orc priest, wielding a +0 hand axe and wearing a +0 ring mail (severely The flame tongue hits the orc wizard.
The orc wizard is moderately wounded.
The orc priest calls down the wrath of Beogh upon you.
Beogh smites you!
You die...

####################
......§............#
..§.)..@...........#
..%...o.##.........###
................).)).#
................#.)#.#
..)o............#..#.#
...................#)#
###.################.###
##.....# #..######....
#......# ##...#.......#


You could see an orc priest and an orc wizard.

Vanquished Creatures
  Erica (D:9)
  Pikel (D:8)
  2 trolls (D:9)
  Grum (D:8)
  Menkaure (D:5)
  Duvessa (D:5)
  3 ice beasts
  2 orc warriors
  A sky beast (D:7)
  A swamp drake (D:9)
  2 phantoms
  2 slaves (D:8)
  A necrophage (D:9)
  6 wolves
  3 centaurs
  6 ogres
  A bullfrog (D:8)
  Dowan (D:5)
  2 scorpions
  3 electric eels (D:9)
  3 howler monkeys (D:9)
  3 wights (D:6)
  3 crimson imps
  A centaur zombie (D:7)
  6 hounds
  A bullfrog zombie (D:5)
  3 bullfrog skeletons
  5 orc priests
  A jelly (D:5)
  7 orc wizards
  2 iguanas
  Ijyb (D:5)
  7 worker ants
  5 adders
  A shadow imp (D:8)
  2 oozes
  An adder skeleton (D:6)
  3 worms
  3 dart slugs
  6 leopard geckos
  23 orcs
  5 giant cockroaches
  3 hobgoblins
  4 jackals (D:6)
  6 kobolds
  2 quokkas
  11 bats
  3 frilled lizards
  A giant cockroach zombie (D:5)
  8 goblins
  2 quokka skeletons
  7 rats
180 creatures vanquished.

Notes
Turn   | Place    | Note
-------+----------+-------------------------------------------
     0 | D:1      | zishaf the Deep Elf Fire Elementalist began the quest for
                  | the Orb.
     0 | D:1      | Reached XP level 1. HP: 10/10 MP: 6/6
   202 | D:1      | Reached XP level 2. HP: 15/15 MP: 5/8
   213 | D:1      | Learned a level 2 spell: Throw Flame
   741 | D:2      | Reached XP level 3. HP: 19/19 MP: 7/9
  1491 | D:3      | Found a blossoming altar of Fedhas.
  1617 | D:3      | Reached XP level 4. HP: 24/24 MP: 4/10
  2575 | D:4      | Learned a level 3 spell: Conjure Flame
  2656 | D:4      | Reached XP level 5. HP: 23/28 MP: 4/11
  2963 | D:4      | Reached skill level 5 in Fire Magic
  3092 | D:4      | Reached XP level 6. HP: 26/32 MP: 2/12
  3495 | D:5      | Entered Level 5 of the Dungeon
  3704 | D:5      | Noticed Menkaure
  3722 | D:5      | Reached skill level 5 in Conjurations
  3722 | D:5      | Reached XP level 7. HP: 36/36 MP: 2/13
  3754 | D:5      | Noticed Ijyb
  3765 | D:5      | Paralysed by Ijyb for 6 turns
  3865 | D:5      | Killed Ijyb
  4152 | D:5      | Found a staircase to the Ecumenical Temple.
  4162 | Temple   | Entered the Ecumenical Temple
  4385 | Temple   | Became a worshipper of Qazlal Stormbringer
  4437 | D:5      | Reached skill level 1 in Evocations
  4579 | D:5      | Noticed Duvessa
  4580 | D:5      | Noticed Dowan
  4858 | D:5      | Killed Duvessa
  4858 | D:5      | Reached skill level 5 in Dodging
  4954 | D:5      | Killed Dowan
  5071 | D:5      | Reached XP level 8. HP: 41/41 MP: 6/14
  5129 | D:5      | Found Fabeckaa's Gadget Boutique.
  5726 | D:5      | Killed Menkaure
  5876 | D:6      | Found a stormy altar of Qazlal.
  5963 | D:6      | Found a sparkling altar of Nemelex Xobeh.
  6420 | D:6      | Found a bloodstained altar of Trog.
  6420 | D:6      | Found a white marble altar of Elyvilon.
  6425 | D:6      | Found a radiant altar of Vehumet.
  6427 | D:6      | Found a shadowy altar of Dithmenos.
  6429 | D:6      | Found a basalt altar of Yredelemnul.
  6746 | D:6      | Learned a level 5 spell: Fireball
  6748 | D:6      | Learned a level 1 spell: Pain
  7361 | D:7      | Reached skill level 1 in Necromancy
  7513 | D:7      | Reached skill level 1 in Invocations
  7659 | D:7      | Reached XP level 9. HP: 4/45 MP: 8/17
  7968 | D:7      | Got an encrusted falchion
  7969 | D:7      | Identified the cursed +3 falchion of the Past {venom, +Inv
                  | Int+2 Dex-5} (You found it on level 7 of the Dungeon)
  8351 | D:8      | Reached * piety under Qazlal
  8680 | D:8      | Reached skill level 5 in Spellcasting
  8720 | D:8      | Noticed Grum
  8743 | D:8      | Killed Grum
  9154 | D:8      | Noticed Pikel
  9194 | D:8      | Killed Pikel
 10084 | D:8      | Learned a level 4 spell: Animate Dead
 10137 | D:9      | Noticed a troll
 10145 | D:9      | Killed a troll
 10167 | D:9      | Reached XP level 10. HP: 45/49 MP: 5/19
 10681 | D:9      | Found a staircase to the Lair.
 11049 | D:9      | Found Bidecvue's General Store.
 11052 | D:9      | Bought a scroll of identify for 28 gold pieces
 11052 | D:9      | Identified a scroll of acquirement
 11072 | D:9      | Noticed Erica
 11094 | D:9      | Killed Erica
 11094 | D:9      | Reached skill level 5 in Necromancy
 11337 | D:9      | Reached ** piety under Qazlal
 11466 | D:9      | Reached skill level 5 in Invocations
 11591 | D:9      | HP: 1/49 [orc wizard/magic dart (7)]
 11595 | D:9      | Killed from afar by an orc priest

Vault maps used:
D:1:      lemuel_arrival_hallway
D:3:      overflow_temple_1_default, first_ration
D:5:      minmay_temple_entry_stoned_glass, serial_shops,
          nicolae_shop_waterfront, uniq_menkaure, uniq_ijyb, uniq_duvessa
D:6:      chequers_temple_overflow_minitemple, basic_altar,
          nicolae_qazlal_general_emergency
D:8:      uniq_grum, uniq_pikel
D:9:      erik_lair_island, erik_orc_1, serial_shops, kennysheep_mini,
          uniq_erica
Temple:   regret_index_temple_sphere_string

Skill      XL: |  1  2  3  4  5  6  7  8  9 10 |
---------------+-------------------------------+-----
Conjurations   | 2 3 4 5 6 7 8 9 |  9.0
Stealth        | 3 |  3.0
Fire Magic     | 4 5 6 7 8 9 |  9.6
Dodging        | 3 4 5 6 7 8 |  8.4
Evocations     | 2 3 4 |  4.0
Necromancy     | 1 4 5 |  5.2
Invocations    | 1 3 5 |  5.1
Spellcasting   | 4 5 |  5.0

Action                   |  1- 3 |  4- 6 |  7- 9 | 10-12 || total
-------------------------+-------+-------+-------+-------++-------
Melee: Unarmed           |     2 |     1 |       |       ||     3
       War axe           |       |    10 |    49 |       ||    59
       Halberd           |       |       |    28 |       ||    28
       Falchion          |       |       |    28 |    23 ||    51
 Cast: Flame Tongue      |    78 |    69 |   201 |    92 ||   440
       Throw Flame       |       |    17 |    38 |    20 ||    75
       Conjure Flame     |       |     1 |    10 |     2 ||    13
       Fireball          |       |       |     3 |       ||     3
Evoke: Wand              |       |       |     1 |       ||     1
  Use: Scroll            |       |     4 |     7 |     4 ||    15
       Potion            |       |       |     3 |     1 ||     4
 Stab: Sleeping          |       |     2 |     2 |       ||     4
       Paralysed         |       |       |     2 |       ||     2
  Eat: Chunk             |     2 |     7 |     8 |     4 ||    21
       Ration            |       |       |     4 |       ||     4
Armor: Robe              |     1 |     6 |    30 |    11 ||    48
Dodge: Dodged            |    14 |    24 |   139 |    39 ||   216
Block: Other             |       |       |     4 |     7 ||    11
       Rpst.: Falchion   |       |       |    15 |    12 ||    27

Table legend:
 A = Non-vault XP
 B = Vault XP
 C = Vault XP percentage of total XP
 D = Non-vault monster count
 E = Vault monster count
 F = Vault count percentage of total count
                 A         B        C        D         E       F
            +---------+---------+-------+---------+---------+-------
      Total |    4558 |    3637 |  44.4 |     149 |      29 |  16.3
            +---------+---------+-------+---------+---------+-------
        D:1 |      35 |       0 |   0.0 |      17 |       0 |   0.0
        D:2 |      22 |       0 |   0.0 |      13 |       0 |   0.0
        D:3 |      70 |       0 |   0.0 |      23 |       0 |   0.0
        D:4 |     415 |       0 |   0.0 |      20 |       0 |   0.0
        D:5 |     919 |     425 |  31.6 |      14 |       4 |  22.2
        D:6 |     444 |       0 |   0.0 |      15 |       0 |   0.0
        D:7 |     754 |     115 |  13.2 |      15 |       1 |   6.2
        D:8 |     781 |     917 |  54.0 |      14 |       4 |  22.2
        D:9 |    1118 |    2180 |  66.1 |      18 |      20 |  52.6
            +---------+---------+-------+---------+---------+-------
